 Dungeon Crawl Stone Soup version 0.29-a0-1023-g6ae1a4a2c7 (webtiles) character file.

Game seed: 10335454390965865312

12208 drugrobin the Cleaver (level 11, -2/97 HPs)
             Began as a Demigod Fighter on Aug 11, 2022.
             Killed from afar by a blizzard demon (26 damage)
             ... with a bolt of lightning
             ... on level 1 of the Abyss.
             The game lasted 00:45:31 (13803 turns).

drugrobin the Cleaver (Demigod Fighter)            Turns: 13803, Time: 00:45:31

Health: -2/97      AC: 13    Str: 35    XL:     11   Next: 33%
Magic:  14/14      EV:  8    Int: 10    God:
Gold:   597        SH:  0    Dex: 13    Spells: 9/10 levels left

rFire   + . .      SeeInvis +   c - +2 trident (venom)
rCold   . . .      Faith    .   n - +0 buckler
rNeg    . . .      Spirit   .   X - +0 chain mail {rF+}
rPois   .          Reflect  .   (no helmet)
rElec   .          Harm     .   t - +2 cloak
rCorr   .          Rampage  .   q - +0 pair of gloves
Will    +....                   (no boots)
Stlth   ..........              Y - amulet of regeneration
HPRegen 1.06/turn               h - +6 ring of strength
MPRegen 0.14/turn               Z - ring of see invisible

@: confused, about to teleport, studying Staves
A: high MP 1, forlorn, divine attributes
a: no special abilities


You were on level 1 of the Abyss.
You visited 1 branch of the dungeon, and saw 10 of its levels.
You visited the Abyss 1 time.
You also visited: Ossuary.

You collected 655 gold pieces.
You spent 58 gold pieces at shops.

Inventory:

Hand Weapons
 a - a +2 vampiric trident
 b - a +0 war axe
 c - a +2 trident of venom (weapon)
 e - a +1 trident of holy wrath
 U - a +2 spear of pain
Missiles
 H - 2 boomerangs (quivered)
 O - 15 poisoned darts
 P - 4 curare-tipped darts
Armour
 n - a +0 buckler (worn)
 q - a +0 pair of gloves (worn)
 t - a +2 cloak (worn)
 X - a +0 chain mail of fire resistance (worn)
Jewellery
 d - a ring of protection from cold
 h - a +6 ring of strength (left hand)
 l - a ring of ice
 K - a ring of flight
 Y - an amulet of regeneration (around neck)
 Z - a ring of see invisible (right hand)
Wands
 f - a wand of charming (5)
 I - a wand of flame (25)
 J - a wand of roots (8)
 W - a wand of acid (3)
Scrolls
 i - 2 scrolls of fear
 k - 7 scrolls of teleportation
 o - 4 scrolls of blinking {unknown}
 p - a scroll of fog
 s - a scroll of magic mapping
 y - a scroll of poison
 z - 7 scrolls of immolation
 F - a scroll of silence
 L - 6 scrolls of enchant armour {unknown}
 M - 6 scrolls of vulnerability
Potions
 j - 9 potions of curing
 m - 5 potions of haste
 u - a potion of ambrosia {unknown}
 w - a potion of might
 A - a potion of attraction
 C - 4 potions of heal wounds
 D - 2 potions of invisibility {unknown}
 E - 2 potions of lignification {unknown}
 G - a potion of magic {unknown}
 Q - 2 potions of brilliance {unknown}
 R - a potion of berserk rage


   Skills:
 + Level 9.3 Fighting
 + Level 12.0 Axes
 - Level 2.6 Armour
 - Level 2.6 Shields
 + Level 8.7 Evocations


You had 9 spell levels left.
You knew the following spells:

 Your Spells              Type           Power      Damage    Failure   Level
a - Summon Small Mammal   Summ           0%         N/A       91%         1

Your spell library contained the following spells:

 Spells                   Type           Power      Damage    Failure   Level
 Sandblast                Erth           0%         2d4       91%         1
 Shock                    Conj/Air       0%         1d3       91%         1
 Passwall                 Tmut/Erth      0%         N/A       97%         2
 Sublimation of Blood     Necr           0%         N/A       97%         2
 Wereblood                Tmut           0%         N/A       97%         2
 Ozocubu's Armour         Ice            0%         N/A       99%         3
 Stone Arrow              Conj/Erth      0%         3d7       99%         3
 Swiftness                Air            0%         N/A       99%         3
 Airstrike                Air            0%         2d(0-16)  100%        4
 Cause Fear               Hex            0%         N/A       100%        4
 Dragon Form              Tmut           0%         N/A       100%        7
 Ozocubu's Refrigeration  Ice            0%         4d7       100%        7
 Summon Hydra             Summ           0%         N/A       100%        7
 Dragon's Call            Summ           0%         N/A       100%        9


Dungeon Overview and Level Annotations

Branches:
Dungeon (10/15)            Temple (0/1) D:5            Lair (0/5) D:10
    Orc (0/2) D:9         Ossuary (visited)

Shops:
D:8 *

Annotations:
D:10 Psyche


Innate Abilities, Weirdness & Mutations

You have an increased reservoir of magic. (+10% MP)
You shall have no god before yourself.
Your divine heritage dramatically boosts your attributes as you level up.


Message History

Unknown command.
The golden eye blinks at you. You resist with almost no effort.
The blizzard demon waves its arms in wide circles.
The air twists around and strikes you!!
Unknown command.
The golden eye pulsates ominously.
The golden eye blinks!
Unknown command.
Unknown command.
Unknown command.
The golden eye blinks at you.
You are more confused.
Unknown command.
Unknown command.
Unknown command.
You bump into the rock wall.
The golden eye blinks at you.
You are more confused.
The small abomination hits you.
Unknown command.
Unknown command.
Unknown command.
You're too confused to move!
The golden eye blinks at you.
You are more confused.
The small abomination hits you! The blizzard demon hits you!
The blizzard demon hits you but does no damage.
Unknown command.
Unknown command.
Unknown command.
Unknown command.
You puncture the golden eye!
You kill the golden eye!
The small abomination hits you! The blizzard demon gestures at you.
The bolt of lightning hits you!!
* * * LOW HITPOINT WARNING * * *
The bolt of lightning hits you!!
You die...

.##. ... ......
...#
#..........
#..##..........
...#........#.
#..#.........
#..........#
#.........#
##..2x..###
#...@### ###.##
#..# ##.# ..
..# #.. ...


You could see a blizzard demon and a small abomination.

Vanquished Creatures
  Fannar (D:10)
  Erolcha (D:9)
  Erica (D:10)
  A two-headed ogre (D:10)
  2 trolls
  A hornet (D:9)
  Grinder (D:5)
  The ghost of Insertrandomname the Caller, an amateur DsSu (D:4)
  Prince Ribbit (D:5)
  2 wraiths
  2 wyverns
  2 vampires
  A shadow (D:9)
  11 yaks
  4 fire bats (D:9)
  Eustachio (D:5)
  A golden eye (Abyss:1)
  Edmund (D:5)
  A hell hound (D:9)
  5 orc warriors
  3 sky beasts (D:7)
  A black bear (D:5)
  An ice beast (D:8)
  An ogre (D:5)
  2 centaurs
  4 phantoms
  A kobold brigand (D:10)
  3 gnoll sergeants
  5 bullfrogs
  4 necrophages
  11 scorpions
  7 wights
  12 killer bees
  2 lava snakes (D:9)
  2 hounds (D:6)
  A centaur zombie (Ossuary)
  2 gnoll boudas
  6 orc priests
  A human zombie (Ossuary)
  5 iguanas
  11 orc wizards
  2 mummies (Ossuary)
  2 adders
  23 gnolls
  2 shadow imps
  2 white imps (D:6)
  2 worms
  3 dart slugs
  33 orcs
  2 bats
  10 endoplasms
  4 giant cockroaches
  7 hobgoblins
  4 jackals
  6 quokkas
  11 ball pythons
  2 frilled lizards (D:3)
  2 gnoll zombies (Ossuary)
  10 goblins
  3 hobgoblin zombies (Ossuary)
  9 kobolds
  A kobold zombie (Ossuary)
  A rat (D:2)
  2 fire vortices (D:9)
269 creatures vanquished.

Vanquished Creatures (others)
  A fire vortex (D:9)
  20 fungi (D:10)
  23 plants (D:10)
44 creatures vanquished.

Grand Total: 313 creatures vanquished

Notes
Turn   | Place    | Note
-------+----------+-------------------------------------------
     0 | D:1      | drugrobin the Demigod Fighter began the quest for the Orb.
     0 | D:1      | Reached XP level 1. HP: 18/18 MP: 3/3
    48 | D:1      | Reached skill level 2 in Axes
   239 | D:1      | Reached XP level 2. HP: 25/25 MP: 4/4
   381 | D:1      | You fall into a shaft and drop 1 floor!
   556 | D:2      | Reached skill level 3 in Axes
   670 | D:2      | Found the +7 staff of the Meek {protect, meekguard}
  1094 | D:1      | Reached XP level 3. HP: 30/30 MP: 5/5
  1897 | D:3      | Reached skill level 4 in Axes
  1949 | D:3      | Reached XP level 4. HP: 36/37 MP: 6/6
  2188 | D:3      | Reached skill level 5 in Axes
  2188 | D:3      | Reached XP level 5. HP: 33/42 MP: 7/7
  2208 | D:3      | Got Sif Muna's Omnibus of the Union
  2248 | D:3      | Learned a level 1 spell: Summon Small Mammal
  2807 | D:4      | Reached skill level 6 in Axes
  2909 | D:4      | Found a sand-covered staircase.
  2940 | Ossuary  | Entered an ossuary
  3012 | Ossuary  | Reached XP level 6. HP: 44/50 MP: 8/8
  3656 | D:4      | Found a runed translucent gate.
  3656 | D:4      | Found a runed translucent gate.
  3656 | D:4      | Found a runed translucent gate.
  3656 | D:4      | Noticed Insertrandomname's ghost (amateur DsSu)
  4269 | D:5      | Entered Level 5 of the Dungeon
  4269 | D:5      | Noticed Grinder
  4273 | D:5      | Paralysed by Grinder for 3 turns
  4282 | D:5      | Killed Grinder
  4283 | D:5      | Reached skill level 7 in Axes
  4283 | D:5      | Reached XP level 7. HP: 14/56 MP: 9/9
  4567 | D:5      | Found a staircase to the Ecumenical Temple.
  4617 | D:5      | Reached skill level 8 in Axes
  4951 | D:5      | Reached skill level 1 in Evocations
  5007 | D:5      | Noticed Prince Ribbit
  5037 | D:5      | Killed Prince Ribbit
  5038 | D:5      | Reached XP level 8. HP: 54/63 MP: 10/10
  5479 | D:5      | Reached skill level 9 in Axes
  5692 | D:5      | Noticed Eustachio
  5705 | D:5      | Killed Eustachio
  5761 | D:5      | Noticed Edmund
  5819 | D:5      | Killed Edmund
  6196 | D:4      | Killed Insertrandomname's ghost
  6197 | D:4      | Reached skill level 5 in Fighting
  6514 | D:6      | Reached XP level 9. HP: 74/74 MP: 11/11
  7640 | D:7      | Identified the +4 scale mail of the Harp {+Blink rElec rF-
                  | Str+6}
  7689 | D:7      | Reached skill level 5 in Evocations
  7770 | D:7      | Reached skill level 10 in Axes
  9756 | D:7      | Reached XP level 10. HP: 13/86 MP: 13/13
 10210 | D:7      | HP: 4/86 [yak (7)]
 10857 | D:8      | Found Cickume's Assorted Antiques.
 10865 | D:8      | Bought a fizzy sapphire potion for 27 gold pieces
 10865 | D:8      | Bought a scroll labelled WINTOHO ICZU for 31 gold pieces
 11444 | D:9      | Reached skill level 11 in Axes
 12057 | D:9      | Found a staircase to the Orcish Mines.
 12082 | D:9      | Noticed Erolcha
 12087 | D:9      | Killed Erolcha
 12355 | D:9      | Reached XP level 11. HP: 82/95 MP: 14/14
 12467 | D:10     | Entered Level 10 of the Dungeon
 12569 | D:10     | Noticed Erica
 12618 | D:10     | Killed Erica
 12968 | D:10     | Found a staircase to the Lair.
 13002 | D:10     | Noticed Fannar
 13047 | D:10     | Noticed Psyche
 13052 | D:10     | Killed Fannar
 13553 | D:10     | Noticed a two-headed ogre
 13582 | D:10     | Killed a two-headed ogre
 13583 | D:10     | Reached skill level 12 in Axes
 13751 | Abyss:1  | Cast into level 1 of the Abyss (Psyche)
 13792 | Abyss:1  | Noticed a blizzard demon
 13803 | Abyss:1  | Killed from afar by a blizzard demon

Illustrated notes

Levels and vault maps discovered:
D:1:      lightli_arrival_noodles, layout_basic
D:2:      layout_basic, hellmonk_ecumenical_altar_heavens_door,
          minmay_quadrilaterals
D:3:      layout_loops_ring, palyth_temple_overflow_mages, old_standard_altar,
          nicolae_ru_sacrificial_ziggurat
D:4:      layout_basic, mainiacjoe_overflow_24_doors, gammafunk_ghost_split,
          nicolae_ossuary_entry_false_entrances,
          hangedman_decor_clover_reticule,
          hangedman_abyss_or_decor_jellyfish_corner, chequers_decorated_corner
D:5:      layout_loops_ring, mainiacjoe_overflow_concentric_impassable,
          fedhas_altar_4, temple_pool_b, uniq_eustachio, uniq_prince_ribbit1,
          uniq_grinder, uniq_edmund
D:6:      layout_rooms, nicolae_qazlal_general_emergency, minmay_checkerbox
D:7:      layout_loops_ring, amcnicky_altar_gilded,
          mainiacjoe_overflow_surrounded_room,
          nicolae_dithmenos_through_a_glass_darkly, reono_crystal_passage
D:8:      layout_layer_cave, serial_shops, kennysheep_little_box
D:9:      layout_cave_pools, marbit_many_paths, nicolae_hexahallways,
          hangedman_incinerator, uniq_erolcha
D:10:     layout_loops_ring, nicolae_overflow_crystal_walls,
          mainiacjoe_overflow_alcove_2, grunt_lair_entry_orc_guard_hut,
          uniq_psyche, uniq_fannar, uniq_erica
Abyss:1:  base:
D:8

Skill      XL: |  1  2  3  4  5  6  7  8  9 10 11 |
---------------+----------------------------------+-----
Axes           | 2 3 4 5 6 7 8 9 10 11 12 | 12.0
Fighting       | 3 5 7 8 9 |  9.3
Evocations     | 2 4 6 8 |  8.7
Armour         | |  2.6
Shields        | |  2.6

Action                   |  1- 3 |  4- 6 |  7- 9 | 10-12 || total
-------------------------+-------+-------+-------+-------++-------
Melee: Spear             |    99 |   142 |   101 |       ||   342
       War axe           |     6 |     9 |    19 |    30 ||    64
       Trident           |       |    14 |   288 |   281 ||   583
 Fire: Sling             |     5 |     2 |     3 |       ||    10
Throw: Boomerang         |       |       |    24 |     8 ||    32
       Dart              |       |       |     1 |     9 ||    10
 Abil: Evoke Blink       |       |       |     1 |       ||     1
Evoke: Wand              |       |     3 |    11 |     7 ||    21
  Use: Potion            |       |     2 |       |     2 ||     4
       Scroll            |       |       |       |    15 ||    15
Armor: Scale mail        |    24 |    73 |    82 |       ||   179
       Chain mail        |       |       |    39 |   108 ||   147
       Plate armour      |       |       |    11 |       ||    11
Dodge: Dodged            |    29 |    60 |   136 |   104 ||   329
Block: Buckler           |    14 |    29 |    70 |    44 ||   157

Table legend: (Time is in decaauts)
 A = Elapsed time spent in this place.
 B = Non-inter-level travel time spent in this place.
 C = Inter-level travel time spent in this place.
 D = Time resting spent in this place.
 E = Time spent auto-exploring this place.
 F = Levels seen in this place.
 G = Mean time per level.
                   A        B        C        D        E       F      G
               +--------+--------+--------+--------+--------+-----+--------+
         Total |  13817 |  13103 |    714 |   2763 |   6561 |  12 | 1151.4 |
       Dungeon |  13507 |  12793 |    714 |   2754 |   6529 |  10 | 1350.7 |
         Abyss |     51 |     51 |      0 |      0 |      0 |   1 |   51.0 |
       Ossuary |    258 |    258 |      0 |      9 |     32 |   1 |  258.0 |
               +--------+--------+--------+--------+--------+-----+--------+

Top non-repeatable levels by time:
     D:7: 2355 daAuts
     D:8: 2039 daAuts
     D:5: 1677 daAuts
     D:4: 1554 daAuts
    D:10: 1275 daAuts
     D:3: 1210 daAuts
     D:9: 1098 daAuts
     D:2: 792 daAuts
     D:1: 764 daAuts
     D:6: 737 daAuts
 Ossuary: 258 daAuts
 Abyss:1: 51 daAuts
